 Dungeon Crawl Stone Soup version 0.29-a0-233-g1125b37a9b (webtiles) character file.

Game seed: 8716971119306922305

24776 drugrobin the Cleaver (level 12, 0/110 HPs)
             Began as a Demigod Fighter on Mar 1, 2022.
             Slain by a polar bear (6 damage)
             ... on level 4 of the Lair of Beasts on Mar 2, 2022.
             The game lasted 00:37:35 (19560 turns).

drugrobin the Cleaver (Demigod Fighter)            Turns: 19560, Time: 00:37:35

Health: 0/110      AC: 18    Str: 29    XL:     12   Next: 48%
Magic:  15/15      EV:  7    Int: 18    God:
Gold:   974        SH:  6    Dex: 25    Spells: 11/11 levels left

rFire   . . .      SeeInvis .   l - +2 demon whip (venom)
rCold   . . .      Faith    .   O - +0 buckler
rNeg    . . .      Spirit   .   r - +0 plate armour
rPois   .          Reflect  .   (no helmet)
rElec   .          Harm     .   n - +0 cloak
rCorr   .          Rampage  .   (no gloves)
Will    +....                   E - +0 pair of boots
Stlth   ..........              k - amulet of magic regeneration
HPRegen 0.28/turn               q - +6 ring of dexterity
MPRegen 0.54/turn               y - ring of Kotinat {Int+4 Dex+6}

@: studying Armour
A: high MP 1, forlorn, divine attributes
a: no special abilities


You were on level 4 of the Lair of Beasts.
You visited 2 branches of the dungeon, and saw 12 of its levels.

You collected 974 gold pieces.

Inventory:

Hand Weapons
 a - a +4 hand axe of flaming
 b - a +0 hand crossbow
 c - a +2 hand axe of draining
 f - a +0 war axe
 l - a +2 demon whip of venom (weapon)
Missiles
 C - 14 boomerangs (quivered)
 J - 3 poisoned darts
Armour
 n - a +0 cloak (worn)
 r - a +0 plate armour (worn)
 E - a +0 pair of boots (worn)
 O - a +0 buckler (worn)
 P - a +0 troll leather armour
Magical Staves
 V - a staff of air
Jewellery
 k - an amulet of magic regeneration (around neck)
 q - a +6 ring of dexterity (left hand)
 y - the ring of Kotinat (right hand) {Int+4 Dex+6}
   (You found it on level 2 of the Lair of Beasts)

   [ring of dexterity]

   Int:       It affects your intelligence (+4).
   Dex:       It affects your dexterity (+6).
 L - a ring of ice
Wands
 s - a wand of digging (1)
 G - a wand of flame (4)
 H - a wand of iceblast (31)
 Y - a wand of acid (1)
Scrolls
 e - a scroll of immolation {unknown}
 g - 8 scrolls of fear
 h - 2 scrolls of amnesia {unknown}
 j - 3 scrolls of magic mapping {unknown}
 o - 3 scrolls of vulnerability {unknown}
 t - a scroll of fog {unknown}
 v - 2 scrolls of enchant armour {unknown}
 x - 3 scrolls of teleportation {unknown}
 F - 5 scrolls of enchant weapon {unknown}
 Q - 2 scrolls of noise {unknown}
 R - a scroll of holy word {unknown}
 S - 5 scrolls of blinking {unknown}
 W - a scroll of summoning {unknown}
 X - a scroll of torment {unknown}
 Z - a scroll of silence {unknown}
Potions
 d - a potion of might
 i - 4 potions of lignification
 m - 3 potions of mutation
 p - 2 potions of haste
 u - 4 potions of heal wounds
 w - 2 potions of flight
 z - a potion of cancellation
 A - 4 potions of resistance
 B - 4 potions of curing
 D - 2 potions of berserk rage {unknown}
 K - 2 potions of ambrosia {unknown}
 M - a potion of invisibility {unknown}
 N - 2 potions of degeneration {unknown}


   Skills:
 + Level 11.3 Fighting
 - Level 14.0 Axes
 + Level 11.9 Armour
 - Level 2.9 Shields
 - Level 3.0 Evocations


You had 11 spell levels left.
You didn't know any spells.
Your spell library contained the following spells:

 Spells                   Type           Power      Damage    Failure   Level
 Sandblast                Erth           0%         2d4       89%         1
 Passwall                 Tmut/Erth      0%         N/A       96%         2
 Stone Arrow              Conj/Erth      0%         3d7       99%         3


Dungeon Overview and Level Annotations

Branches:
Dungeon (8/15)             Temple (0/1) D:5            Lair (4/6) D:8
 Shoals (0/4) Lair:3       Spider (0/4) Lair:3

Shops:
D:5 *


Innate Abilities, Weirdness & Mutations

You have an increased reservoir of magic. (+10% MP)
You shall have no god before yourself.
Your divine heritage dramatically boosts your attributes as you level up.


Message History

You are no longer poisoned.
You start resting.
You are no longer corroded.
Unknown command.
Unknown command.
You start resting.
A polar bear comes into view.
Unknown command.
The polar bear growls angrily.
Items here: ! ) / ? †.
l - a +2 demon whip of venom You drop a +0 short sword of venom.
You block the polar bear's attack. The polar bear claws you.
The polar bear completely misses you.
Your +2 demon whip of venom begins to drip with poison!
l - a +2 demon whip of venom (weapon)
You whack the polar bear!
The polar bear is poisoned.
The polar bear is moderately wounded.
The polar bear bites you. You block the polar bear's attack.
The polar bear claws you but does no damage.
You whack the polar bear!
The polar bear looks as sick as possible!
The polar bear is heavily wounded.
You block the polar bear's attack. The polar bear closely misses you.
You block the polar bear's attack.
The polar bear goes berserk!
The polar bear bites you but does no damage.
The polar bear claws you but does no damage.
You block the polar bear's attack.
You hit the polar bear but do no damage.
The polar bear looks as sick as possible!
The polar bear is almost dead.
The polar bear bites you!!
* * * LOW HITPOINT WARNING * * *
You block the polar bear's attack. The polar bear closely misses you.
Unknown command.
Unknown command.
The polar bear bites you!
* * * LOW HITPOINT WARNING * * *
The polar bear claws you.
You die...

...........## #...#
#....#.#....##
##...###
#..#####....##
#......### ..##
#.....####.......#
...
#.##....#..#......##
###.......###.....P##
####.....###......#
#.P...#####....##
###.@h.## #....(#
#.....###....(#
###>...#)....##
#.....##....#
#.....#....P#
##.#####...## #.#
##....# .## #....##
## #....#


You could see a polar bear (berserk, extremely poisoned).

Vanquished Creatures
  Kirke (Lair:4)
  A centaur warrior (D:8)
  3 hydras
  Amaemon (Lair:4)
  4 elephants (Lair:2)
  3 black mambas
  6 cane toads
  2 torpor snails
  2 rime drakes
  5 komodo dragons
  A troll (D:8)
  2 polar bears
  7 blink frogs
  Prince Ribbit (D:7)
  Sigmund (D:4)
  A shadow (D:7)
  2 wyverns
  4 basilisks
  2 hogs (Lair:4)
  32 yaks
  3 redbacks (Lair:3)
  4 steam dragons (D:8)
  6 water moccasins
  3 ice beasts
  4 sky beasts
  A black bear (D:6)
  2 orc warriors
  An ogre (D:5)
  3 centaurs
  16 wolves
  2 phantoms (D:5)
  A kobold brigand (D:8)
  8 bullfrogs
  2 scorpions
  5 wights
  2 killer bees
  3 electric eels (Lair:3)
  2 howler monkeys
  7 hounds
  4 orc priests
  2 gnoll shamans
  2 hell rats (D:7)
  2 iguanas
  5 orc wizards
  8 gnolls
  8 river rats (D:7)
  7 adders
  5 white imps
  4 worms
  5 dart slugs
  35 orcs
  5 ball pythons
  5 endoplasms
  2 giant cockroaches
  7 goblins
  7 hobgoblins
  11 jackals
  8 quokkas
  5 bats
  16 kobolds
  26 rats
335 creatures vanquished.

Vanquished Creatures (others)
  3 humans (Lair:4)
  An orc (D:8)
  55 fungi
  48 plants
107 creatures vanquished.

Grand Total: 442 creatures vanquished

Notes
Turn   | Place    | Note
-------+----------+-------------------------------------------
     0 | D:1      | drugrobin the Demigod Fighter began the quest for the Orb.
     0 | D:1      | Reached XP level 1. HP: 18/18 MP: 3/3
   223 | D:1      | Reached skill level 2 in Axes
   233 | D:1      | Reached XP level 2. HP: 21/25 MP: 4/4
  1250 | D:2      | Reached XP level 3. HP: 31/31 MP: 5/5
  1364 | D:2      | Reached skill level 3 in Axes
  1835 | D:3      | Reached XP level 4. HP: 38/38 MP: 6/6
  2389 | D:3      | Reached skill level 4 in Axes
  2820 | D:4      | Reached XP level 5. HP: 43/45 MP: 7/7
  3393 | D:4      | Reached skill level 5 in Axes
  3501 | D:4      | Noticed Sigmund
  3558 | D:3      | Reached XP level 6. HP: 18/51 MP: 8/8
  3919 | D:5      | Entered Level 5 of the Dungeon
  3941 | D:5      | Reached skill level 6 in Axes
  4386 | D:5      | Found a staircase to the Ecumenical Temple.
  4472 | D:5      | Found Dulinn's Assorted Antiques.
  4787 | D:5      | Reached skill level 7 in Axes
  4787 | D:5      | Reached XP level 7. HP: 34/57 MP: 9/9
  5197 | D:5      | Reached skill level 8 in Axes
  5537 | D:6      | Reached skill level 9 in Axes
  5537 | D:6      | Reached XP level 8. HP: 32/63 MP: 10/10
  6501 | D:6      | Reached skill level 1 in Evocations
  6731 | D:7      | HP: 3/66 [poisoned by a water moccasin]
  7858 | D:7      | Noticed Prince Ribbit
  7884 | D:7      | Killed Prince Ribbit
  7885 | D:7      | Reached skill level 10 in Axes
  8144 | D:7      | Reached XP level 9. HP: 49/73 MP: 11/11
  8388 | D:7      | Reached skill level 5 in Fighting
 10054 | D:8      | Noticed a centaur warrior
 10063 | D:8      | Killed a centaur warrior
 10064 | D:8      | Reached skill level 5 in Armour
 10301 | D:8      | Reached skill level 11 in Axes
 10421 | D:8      | Noticed a komodo dragon
 10435 | D:8      | Killed a komodo dragon
 10436 | D:8      | Reached XP level 10. HP: 49/84 MP: 13/13
 10729 | D:8      | Found a staircase to the Lair.
 11181 | D:4      | Killed Sigmund
 11735 | Lair:1   | Entered Level 1 of the Lair of Beasts
 11738 | Lair:1   | Noticed a black mamba
 11751 | Lair:1   | HP: 4/88 [black mamba (3)]
 11751 | Lair:1   | HP: 1/88 [black mamba (3)]
 11754 | Lair:1   | Killed a black mamba
 12479 | Lair:1   | Reached skill level 12 in Axes
 13197 | Lair:2   | Identified a scroll of acquirement
 13198 | Lair:2   | Acquired a manual of Armour
 13217 | Lair:2   | Reached XP level 11. HP: 86/95 MP: 14/14
 13360 | Lair:2   | Identified the ring of Kotinat {Int+4 Dex+6}
 14668 | Lair:2   | Reached skill level 13 in Axes
 15306 | Lair:3   | Noticed a six-headed hydra
 15321 | Lair:2   | Killed a one-headed hydra
 15543 | Lair:3   | Reached skill level 10 in Fighting
 15928 | Lair:3   | Noticed a four-headed hydra
 15939 | Lair:3   | Killed a one-headed hydra
 16508 | Lair:3   | Found a hole to the Spider Nest.
 16627 | Lair:3   | Noticed an eight-headed hydra
 16647 | Lair:3   | Killed a one-headed hydra
 16648 | Lair:3   | Reached skill level 10 in Armour
 16894 | Lair:3   | Found a staircase to the Shoals.
 16993 | Lair:3   | Reached XP level 12. HP: 107/107 MP: 15/15
 18525 | Lair:4   | Noticed Kirke
 18547 | Lair:4   | Killed Kirke
 19011 | Lair:4   | Reached skill level 14 in Axes
 19431 | Lair:4   | Noticed Amaemon
 19465 | Lair:4   | Killed Amaemon
 19560 | Lair:4   | Slain by a polar bear

Illustrated notes

Levels and vault maps discovered:
D:1:      dpeg_arrival_lava_temple_mockup, layout_loops_ring
D:2:      layout_rooms, serial_forest, infiniplex_forest_lined_4_way,
          infiniplex_forest_end_double, infiniplex_forest_lined_2,
          infiniplex_forest_corner_2, infiniplex_forest_clump_medium,
          infiniplex_forest_clump_small, infiniplex_forest_clump_tiny,
          infiniplex_forest_end_2, minmay_close_crescents
D:3:      layout_loops_corners, lemuel_round_altar, xom_redecorated,
          jmf_multi_god_temple, serial_rivers, chequers_serial_rivers_micro_c,
          chequers_serial_rivers_micro_b, chequers_serial_rivers_micro_c,
          chequers_serial_rivers_micro_d, serial_park_tiny_1,
          grunt_ministairs_9, minmay_distorted
D:4:      layout_cave_pods, uniq_sigmund
D:5:      layout_basic, minmay_temple_entry_from_below_a, serial_shops,
          nicolae_take_the_stairs, minmay_fractal_squares_gapless_5
D:6:      layout_basic, kennysheep_slug_shrine
D:7:      lemuel_ratsnest, layout_gridville, kennysheep_little_box,
          kennysheep_small_circle, uniq_prince_ribbit1
D:8:      minmay_the_grid_square_5x5_3x3 [minmay_the_grid_square_5x5_hourglass,
          minmay_the_grid_square_5x5_one_wall,
          minmay_the_grid_square_5x5_spiral_small,
          minmay_the_grid_square_5x5_tri_point,
          minmay_the_grid_square_5x5_megaprize_hollow,
          minmay_the_grid_square_5x5_seven,
          minmay_the_grid_square_5x5_checkered_statues,
          minmay_the_grid_square_5x5_beaten_path,
          minmay_the_grid_square_5x5_gyroscope], layout_cave_pools,
          okawaru_ov_weapons_minmay, erik_lair_dragon
Lair:1:   layout_small_grid, beast_lair_carwin_8, lemuel_fruit_tree,
          infiniplex_staircase_pool_2
Lair:2:   layout_small_grid, basic_altar
Lair:3:   layout_regular_city, elwin_shoals_entry_rocks, spider_nest_entry_webs,
          grunt_megastairs_5, infiniplex_staircase_pool
Lair:4:   layout_concentric_octagons, beast_lair_carwin_5, uniq_amaemon,
          uniq_kirke

Skill      XL: |  1  2  3  4  5  6  7  8  9 10 11 12 |
---------------+-------------------------------------+-----
Axes           | 2 3 4 5 7 9 10 11 12 13 14 | 14.0
Fighting       | 3 4 6 8 10 11 | 11.3
Evocations     | 3 |  3.0
Armour         | 3 5 6 10 11 | 11.9
Shields        | |  2.9

Action                   |  1- 3 |  4- 6 |  7- 9 | 10-12 || total
-------------------------+-------+-------+-------+-------++-------
Melee: War axe           |    82 |   144 |   340 |    43 ||   609
       Dagger            |    21 |    26 |     8 |       ||    55
       Hand axe          |       |       |   110 |   578 ||   688
       Morningstar       |       |       |     3 |       ||     3
       Short sword       |       |       |       |    11 ||    11
       Staff             |       |       |       |    12 ||    12
       Demon whip        |       |       |       |     3 ||     3
 Fire: Hand crossbow     |    50 |     6 |    24 |    13 ||    93
Throw: Boomerang         |       |       |     9 |    16 ||    25
       Throwing net      |       |       |     2 |     1 ||     3
       Dart              |       |       |     1 |     2 ||     3
Evoke: Wand              |       |       |       |     3 ||     3
  Use: Potion            |       |     1 |       |     3 ||     4
       Scroll            |       |       |       |     9 ||     9
 Stab: Held in net/web   |       |       |     2 |       ||     2
Armor: Scale mail        |    26 |       |       |       ||    26
       Plate armour      |    27 |   108 |   226 |   243 ||   604
       Skin              |       |    15 |       |       ||    15
       Troll leather arm |       |       |     9 |    17 ||    26
Dodge: Dodged            |    39 |    49 |   108 |   147 ||   343
Block: Buckler           |    28 |    30 |   108 |   128 ||   294

Table legend: (Time is in decaauts)
 A = Elapsed time spent in this place.
 B = Non-inter-level travel time spent in this place.
 C = Inter-level travel time spent in this place.
 D = Time resting spent in this place.
 E = Time spent auto-exploring this place.
 F = Levels seen in this place.
 G = Mean time per level.
                   A        B        C        D        E       F      G
               +--------+--------+--------+--------+--------+-----+--------+
         Total |  19540 |  18731 |    809 |   5578 |   9503 |  12 | 1628.3 |
       Dungeon |  11852 |  11131 |    721 |   2675 |   5931 |   8 | 1481.5 |
          Lair |   7687 |   7599 |     88 |   2903 |   3572 |   4 | 1921.8 |
               +--------+--------+--------+--------+--------+-----+--------+

Top non-repeatable levels by time:
     D:7: 2552 daAuts
  Lair:3: 2530 daAuts
  Lair:2: 2253 daAuts
     D:8: 1615 daAuts
     D:6: 1601 daAuts
  Lair:4: 1472 daAuts
     D:3: 1469 daAuts
     D:5: 1438 daAuts
  Lair:1: 1430 daAuts
     D:4: 1357 daAuts
     D:1: 976 daAuts
     D:2: 840 daAuts
